Map: Moonlight Madness LE (Void)

Players

wabbajack - Winner!

  • Race: Zerg Zerg
  • League: Grandmaster

Jimmiefan

  • Race: Protoss Protoss
  • League: Grandmaster

VOD

Have the link to the VOD?

Description

Time

  • Played on: July 14, 2015, 2:20 p.m.
  • Length: 12:22
Show
View Real Time Build Order
Export as new Build Order

wabbajack Zerg - Winner!

Build Orders: Pool First, Lurkers 

Get SALT Encoding   

  12  0:07  Extractor  
  11  0:22  Spawning Pool  
  10  0:32  Drone x2  
  12  0:45  Overlord  
  12  1:10  Metabolic Boost  
  12  1:13  Zergling x4  
  12  1:14  Zergling x2  
  15  1:27  Queen  
  15  1:31  Zergling x2  
  18  1:43  Drone  
  19  1:49  Drone  
  19  2:17  Drone x2  
  21  2:23  Overlord  
  21  2:37  Hatchery  
  20  2:46  Hatchery  
  19  2:52  Drone  
  19  2:53  Drone  
  21  3:03  Queen  
  23  3:33  Overlord  
  23  3:39  Queen  
  25  3:50  Drone  
  25  3:51  Drone x6  
  33  4:24  Drone x5  
  33  4:27  Lair  
  33  4:31  Roach Warren  
  36  4:34  Extractor  
  36  4:37  Evolution Chamber, Drone  
  32  5:12  Drone x5  
  37  5:14  Zerg Ground Armor Level 1  
  37  5:16  Drone x5  
  37  5:17  Drone x2  
  44  5:27  Drone x5  
  49  5:32  Overlord  
  49  5:51  Glial Reconstitution  
  49  5:54  Extractor  
  49  5:55  Overlord  
  49  5:56  Overlord  
  48  5:58  Extractor  
  48  6:00  Drone x6  
  53  6:04  Drone x3  
  53  6:05  Drone x2  
  58  6:33  Extractor  
  58  6:34  Extractor  
  58  6:38  Drone x5  
  58  6:39  Drone x3  
  64  6:40  Drone x3  
  64  6:41  Overlord x3  
  64  6:42  Overlord x2  
  64  6:46  Evolution Chamber, Drone  
  67  6:48  Drone  
  67  6:49  Drone x2  
  70  6:55  Overseer  
  70  6:59  Queen  
  72  7:03  Hatchery  
  71  7:15  Zerg Missile Weapons Level 1, Zerg Ground Armor Level 2  
  71  7:18  Tunneling Claws  
  71  7:19  Hydralisk Den  
  71  7:22  Burrow  
  70  7:25  Drone  
  70  7:26  Drone x2, Infestation Pit  
  70  7:28  Drone x2  
  74  7:53  Hydralisk x5, Roach  
  74  7:54  Hydralisk x2, Roach x6  
  74  7:58  Hatchery, Muscular Augments  
  101  8:28  Spore Crawler  
  101  8:31  Spine Crawler  
  99  8:35  Spine Crawler x2  
  99  8:36  Spore Crawler  
  96  8:44  Hydralisk x5, Roach  
  96  8:45  Hydralisk, Roach x5  
  96  8:47  Overlord x3  
  96  8:48  Overlord x3  
  120  8:56  Roach  
  110  9:29  Lurker Den  
  110  9:30  Spine Crawler  
  109  9:31  Spine Crawler  
  109  9:33  Spine Crawler  
  109  9:34  Spine Crawler, Zerg Missile Weapons Level 2, Zerg Melee Weapons Level 1  
  109  9:36  Hive  
  106  9:45  Hydralisk x3  
  106  9:46  Hydralisk x2, Roach x6  
  128  9:56  Pneumatized Carapace  
  128  9:58  Overseer x2  
  128  9:59  Hydralisk x2  
  128  10:00  Hydralisk x3, Roach x4  
  128  10:01  Roach  
  148  10:26  Roach x4  
  148  10:27  Roach x3, Zergling x2  
  148  10:28  Roach x5, Zergling x26  
  162  10:29  Roach x2  
  154  10:55  Hatchery, Roach x17  
  145  11:01  Lurker x4  
  145  11:02  Lurker x2  
  145  11:03  Lurker x2  
  146  11:15  Roach x4  
  146  11:16  Overlord x4  
  146  11:27  Roach x14  
  136  11:49  Roach  
  136  11:50  Roach x22  
Show
View Real Time Build Order
Export as new Build Order

Jimmiefan Protoss 

Build Orders:  

Get SALT Encoding   

  12  0:01  Probe  
  13  0:13  Probe  
  14  0:21  Pylon  
  14  0:39  Probe  
  15  0:43  Gateway  
  15  0:53  Forge  
  15  1:03  Probe (Chrono Boost)  
  16  1:05  Assimilator  
  16  1:13  Probe (Chrono Boost)  
  17  1:20  Probe (Chrono Boost)  
  18  1:30  Probe (Chrono Boost)  
  19  1:33  Zealot  
  19  1:37  Photon Cannon  
  21  1:48  Probe (Chrono Boost)  
  22  2:01  Nexus  
  22  2:10  Pylon  
  22  2:28  Probe  
  23  2:34  Pylon  
  23  2:40  Probe  
  24  2:52  Photon Cannon  
  24  2:54  Photon Cannon  
  24  3:05  Cybernetics Core  
  24  3:15  Gateway  
  24  3:17  Gateway  
  24  3:19  Gateway  
  24  3:23  Pylon  
  24  3:28  Assimilator  
  24  3:32  Probe (Chrono Boost)  
  24  3:33  Probe (Chrono Boost)  
  27  3:42  Warp Gate (Chrono Boost)  
  27  3:43  Probe x2 (Chrono Boost)  
  28  3:51  Stalker  
  28  3:53  Probe  
  31  3:59  Mothership Core  
  33  4:05  Probe  
  34  4:17  Stalker x3  
  34  4:20  Probe (Chrono Boost)  
  42  4:25  Probe (Chrono Boost)  
  42  4:30  Probe (Chrono Boost)  
  40  5:23  Twilight Council  
  40  5:26  Robotics Facility  
  40  5:28  Protoss Ground Weapons Level 1 (Chrono Boost)  
  40  5:55  Blink (Chrono Boost)  
  40  5:56  Stalker x4  
  48  6:06  Probe (Chrono Boost)  
  48  6:09  Probe (Chrono Boost)  
  50  6:17  Probe (Chrono Boost)  
  52  6:19  Stalker, Probe (Chrono Boost)  
  52  6:20  Stalker  
  52  6:23  Probe (Chrono Boost)  
  57  6:26  Probe  
  57  6:29  Assimilator  
  57  6:30  Assimilator  
  58  6:39  Observer  
  59  6:50  Probe (Chrono Boost)  
  60  7:16  Pylon  
  60  7:19  Pylon  
  60  7:23  Pylon  
  60  7:34  Probe  
  61  7:44  Stalker x4  
  63  7:46  Probe  
  71  7:58  Probe  
  71  8:10  Probe  
  63  9:24  Stalker x3  
  67  9:25  Stalker  
  69  10:00  Stalker x3  
  69  10:05  Stalker  
  77  10:26  Stalker x3  
Tags
 
Add a new tag
Caveats
  • Supply blocks, unpowered buildings, or Contaminate may cause inaccurate times.
  • Supply counts are checked every 10 seconds.